 Dungeon Crawl Stone Soup version 0.29-a0-333-gb4c28e87c6 (console) character file.

Game seed: 9531407888619723558

657278 Nolga the Drop of Water (level 23, -4/155 (193) HPs)
             Began as a Gnoll Artificer on Apr 13, 2022.
             Was the Champion of Ru.
             Slain by Sehul the pandemonium lord (20 damage)
             ... on level 8 of a ziggurat.
             The game lasted 05:12:37 (85951 turns).

Nolga the Drop of Water (Gnoll Artificer)          Turns: 85951, Time: 05:12:38

HP:   -4/155 (193)  AC: 33    Str: 15    XL:     23
MP:   38/46         EV: 30    Int: 14    God:    Ru [******]
Gold: 4917          SH: 21    Dex: 22    Spells: 4/60 levels left

rFire   + + +      SeeInvis +   a - +3 staff {rElec rF++ rC++ AC+5}
rCold   + + +      Faith    +   O - +5 kite shield {AC+3}
rNeg    + . .      Spirit   .   m - +4 faerie dragon scales {Regen+ rCorr HP-1 Stlth+}
rPois   +          Reflect  .   C - +2 hood of the Assassin {Detection Stab+ Stlth++}
rElec   +          Harm     .   B - +1 cloak of Starlight {*Dazzle EV+4 Stlth--}
rCorr   +          Rampage  .   M - +0 pair of gloves {Dex+3}
Will    +++..                   o - +2 pair of boots Stlth *+++++++++
                                r - amulet of Uzynad {Faith Will+ Int+6 Dex+2 Stlth+}
HPRegen 1.15/turn               S - ring of Ulaor {rPois rF+ Int-3 SInv Stlth+}
MPRegen 0.30/turn               p - ring of the Sparrow {rC+ rN+ Will+ Dex-3 Stlth+}

@: exhausted, studying Polearms, heavily drained, unable to drink
A: fangs 1, screaming 1, no potion heal 1, inability to drink while threatened,
hated by all, inexperienced 2, strong nose, distributed training, cold
resistance 1, electricity resistance
}: 5/15 runes: serpentine, barnacled, slimy, silver, abyssal
a: Renounce Religion, Draw Out Power, Power Leap, Apocalypse


You were on level 8 of a ziggurat.
You worshipped Ru.
Ru was exalted by your worship.
You visited 11 branches of the dungeon, and saw 55 of its levels.
You visited the Abyss 1 time.
You visited 1 bazaar.
You visited 1 ziggurat, and saw 8 of its levels.
You also visited: Gauntlet, Ice Cave, Volcano and Wizlab.

You collected 9727 gold pieces.
You spent 4810 gold pieces at shops.

Inventory:

Hand Weapons
 a - the +3 Elemental Staff (weapon) {rElec rF++ rC++ AC+5}
   (You found it on level 3 of the Crypt)

   If the wielder is skilled in Evocations, they can discharge powerful blasts
   of elemental energy when striking with it.
   It enhances your fire, ice, earth and air magic.
   AC:        It affects your AC (+5).
   rF:        It greatly protects you from fire.
   rC:        It greatly protects you from cold.
   rElec:     It insulates you from electricity.
 b - a +9 vampiric demon blade
Missiles
 v - 10 throwing nets
 J - 3 silver boomerangs
 N - 10 curare-tipped darts
 Z - 18 silver javelins
Armour
 m - the +4 faerie dragon scales (worn) {Regen+ rCorr HP-1 Stlth+}
   (You took it off the Enchantress on level 3 of the Depths)

   HP:        It affects your health (-1).
   Regen:     It increases your rate of health regeneration.
   rCorr:     It protects you from acid and corrosion.
   Stlth:     It makes you more stealthy.
 o - a +2 pair of boots (worn)
 B - the +1 cloak of Starlight (worn) {*Dazzle EV+4 Stlth--}
   (You found it in a wizard's laboratory)

   It may blind those who miss an attack against the wearer in melee combat.
   EV:        It affects your evasion (+4).
   Stlth:     It makes you much less stealthy.
 C - the +2 hood of the Assassin (worn) {Detection Stab+ Stlth++}
   (You acquired it on level 3 of the Vaults)

   It allows the wearer to sense nearby creatures.
   It allows the wearer to make particularly effective stabbing attacks against
   helpless or unaware enemies with any weapon.
   Stlth:     It makes you much more stealthy.
 M - a +0 pair of gloves of dexterity (worn)
 O - a +5 kite shield of protection (worn)
Jewellery
 c - the ring "Kunlucs" {*Slow rN+ rCorr Str+3 Slay+5}
   (You took it off a black draconian on level 2 of the Realm of Zot)

   [ring of resist corrosion]

   Str:       It affects your strength (+3).
   Slay:      It affects your accuracy & damage with ranged weapons and melee
   (+5).
   rN:        It protects you from negative energy.
   rCorr:     It protects you from acid and corrosion.
   *Slow:     It may slow you when you take damage.
 p - the ring of the Sparrow (right hand) {rC+ rN+ Will+ Dex-3 Stlth+}
   (You took it off a hell knight on level 2 of the Depths)

   [ring of willpower]

   Dex:       It affects your dexterity (-3).
   rC:        It protects you from cold.
   rN:        It protects you from negative energy.
   Will:      It increases your willpower.
   Stlth:     It makes you more stealthy.
 r - the amulet of Uzynad (around neck) {Faith Will+ Int+6 Dex+2 Stlth+}
   (You found it on level 5 of the Pits of Slime)

   [amulet of faith]

   It allows you to gain divine favour quickly.
   Int:       It affects your intelligence (+6).
   Dex:       It affects your dexterity (+2).
   Will:      It increases your willpower.
   Stlth:     It makes you more stealthy.
 s - the ring of Elih {*Slow rElec rF+ Will+ MP+9}
   (You bought it in a shop on level 3 of the Snake Pit)

   [ring of magical power]

   rF:        It protects you from fire.
   rElec:     It insulates you from electricity.
   MP:        It affects your magic capacity (+9).
   *Slow:     It may slow you when you take damage.
   Will:      It increases your willpower.
 u - the ring "Moose" {rElec rPois Str-2 Int+8 Dex-2}
   (You took it off a merfolk on level 4 of the Shoals)

   [ring of poison resistance]

   Str:       It affects your strength (-2).
   Int:       It affects your intelligence (+8).
   Dex:       It affects your dexterity (-2).
   rElec:     It insulates you from electricity.
   rPois:     It protects you from poison.
 z - the ring "Recveuth" {rF+ rC+ SInv}
   (You bought it in a shop on level 1 of the Snake Pit)

   [ring of see invisible]

   rF:        It protects you from fire.
   rC:        It protects you from cold.
   SInv:      It lets you see invisible.
 D - the ring "Xuptot" {Str+6 Int-3 Slay+4}
   (You bought it in a shop on level 1 of the Snake Pit)

   [ring of strength]

   Str:       It affects your strength (+6).
   Int:       It affects your intelligence (-3).
   Slay:      It affects your accuracy & damage with ranged weapons and melee
   (+4).
 S - the ring of Ulaor (left hand) {rPois rF+ Int-3 SInv Stlth+}
   (You acquired it on level 2 of the Dungeon)

   [ring of poison resistance]

   Int:       It affects your intelligence (-3).
   rF:        It protects you from fire.
   rPois:     It protects you from poison.
   SInv:      It lets you see invisible.
   Stlth:     It makes you more stealthy.
Wands
 e - a wand of iceblast (44)
 E - a wand of digging (50)
 L - a wand of acid (19)
 Q - a wand of paralysis (4)
 V - a wand of flame (146)
 Y - a wand of mindburst (4)
Scrolls
 d - 3 scrolls of magic mapping
 h - 14 scrolls of fog
 j - 30 scrolls of teleportation
 k - 7 scrolls of vulnerability
 q - 7 scrolls of blinking
 A - 5 scrolls of fear
 H - 5 scrolls of immolation
 X - 7 scrolls of silence
Potions
 f - 16 potions of mutation
 g - 3 potions of cancellation
 i - 7 potions of berserk rage
 l - 7 potions of heal wounds
 n - 12 potions of curing
 t - 6 potions of flight
 w - 10 potions of might
 x - 13 potions of lignification
 G - 12 potions of ambrosia
 K - 7 potions of haste
 P - 6 potions of invisibility
 T - 14 potions of attraction
 U - 7 potions of resistance
Miscellaneous
 y - a condenser vane (inert)
 I - a piece from Xom's chessboard (15/15)
 R - a phial of floods
 W - a lightning rod (inert)


   Skills:
 + Level 19.2 Fighting
 + Level 19.1 Short Blades
 + Level 19.1 Long Blades
 + Level 19.1 Axes
 + Level 19.1 Maces & Flails
 + Level 20.2 Polearms
 + Level 19.1 Staves
 + Level 19.1 Slings
 + Level 19.1 Bows
 + Level 19.1 Crossbows
 + Level 19.1 Throwing
 + Level 19.5 Armour
 + Level 19.2 Dodging
 + Level 19.2 Stealth
 + Level 19.1 Shields
 + Level 19.1 Unarmed Combat
 + Level 19.1 Spellcasting
 + Level 16.3 Conjurations
 + Level 16.3 Hexes
   Level 0.0 Summonings
 + Level 16.3 Necromancy
 + Level 16.3 Translocations
 + Level 16.3 Transmutations
 + Level 16.3 Fire Magic
 + Level 16.3 Ice Magic
 + Level 16.3 Air Magic
 + Level 16.3 Earth Magic
 + Level 16.3 Poison Magic
 + Level 20.6 Invocations
 + Level 20.0 Evocations


You had 4 spell levels left.
You knew the following spells:

 Your Spells              Type           Power      Damage    Failure   Level
a - Stone Arrow           Conj/Erth      100%       3d13      1%          3
b - Iskenderun's Mystic   Conj/Tloc      56%        2d12      1%          4
c - Freezing Cloud        Conj/Ice/Air   46%        6-21      1%          5
d - Dispel Undead         Necr           56%        3d20      1%          4
i - Irradiate             Conj/Tmut      28%        3d22      1%          5
w - Wereblood             Tmut           56%        N/A       0%          2
F - Fireball              Conj/Fire      36%        3d15      1%          5
I - Iron Shot             Conj/Erth      36%        9d7       1%          6
L - Lee's Rapid Deconstr  Erth           36%        3d19*     1%          5
O - Orb of Destruction    Conj           28%        9d9       8%          7
S - Silence               Hex/Air        36%        N/A       1%          5
Z - Borgnjor's Vile Clut  Necr/Erth      36%        N/A       1%          5

Your spell library contained the following spells:

 Spells                   Type           Power      Damage    Failure   Level
 Apportation              Tloc           100%       N/A       0%          1
 Beastly Appendage        Tmut           100%       N/A       0%          1
 Foxfire                  Conj/Fire      100%       2x1d9     0%          1
 Magic Dart               Conj           100%       1d8       0%          1
 Pain                     Necr           100%       1d9       0%          1
 Sandblast                Erth           100%       2d20      0%          1
 Shock                    Conj/Air       100%       1d9       0%          1
 Slow                     Hex            100%       N/A       0%          1
 Blink                    Tloc           100%       N/A       0%          2
 Corpse Rot               Necr/Air       100%       N/A       0%          2
 Ensorcelled Hibernation  Hex/Ice        100%       N/A       0%          2
 Passwall                 Tmut/Erth      60%        N/A       0%          2
 Poisonous Vapours        Pois/Air       100%       N/A       0%          2
 Scorch                   Fire           100%       2d10      0%          2
 Searing Ray              Conj           100%       2d8       0%          2
 Static Discharge         Conj/Air       73%        N/A       0%          2
 Sublimation of Blood     Necr           56%        N/A       0%          2
 Confusing Touch          Hex            56%        N/A       1%          3
 Conjure Flame            Conj/Fire      73%        6-21      1%          3
 Dazzling Flash           Conj/Hex       100%       N/A       1%          3
 Gell's Gravitas          Tloc           56%        N/A       1%          3
 Ignite Poison            Fire/Tmut/Pois 73%        N/A       1%          3
 Inner Flame              Hex/Fire       73%        N/A       1%          3
 Lesser Beckoning         Tloc           56%        N/A       1%          3
 Mephitic Cloud           Conj/Pois/Air  73%        N/A       1%          3
 Ozocubu's Armour         Ice            73%        N/A       1%          3
 Portal Projectile        Hex/Tloc       100%       N/A       1%          3
 Spider Form              Tmut/Pois      56%        N/A       1%          3
 Teleport Other           Tloc           56%        N/A       1%          3
 Vampiric Draining        Necr           56%        2d10      1%          3
 Airstrike                Air            36%        N/A       1%          4
 Anguish                  Hex/Necr       28%        N/A       1%          4
 Flame Wave               Conj/Fire      73%        2d13      1%          4
 Fulminant Prism          Conj/Hex       28%        3d14      1%          4
 Hailstorm                Conj/Ice       73%        3d15      1%          4
 Ice Form                 Ice/Tmut       73%        N/A       1%          4
 Leda's Liquefaction      Hex/Erth       36%        N/A       1%          4
 Passage of Golubria      Tloc           56%        N/A       1%          4
 Petrify                  Tmut/Erth      73%        N/A       1%          4
 Sticky Flame             Conj/Fire      73%        2d9       1%          4
 Agony                    Necr           56%        N/A       1%          5
 Blade Hands              Tmut           28%        N/A       1%          5
 Excruciating Wounds      Necr           28%        N/A       1%          5
 Lightning Bolt           Conj/Air       36%        1d54      1%          5
 Manifold Assault         Tloc           56%        N/A       1%          5
 Yara's Violent Unravell  Hex/Tmut       28%        3d12      1%          5
 Conjure Ball Lightning   Conj/Air       36%        3x3d12    1%          6
 Starburst                Conj/Fire      36%        6d11      1%          6
 Statue Form              Tmut/Erth      48%        N/A       1%          6
 Dragon Form              Tmut           28%        N/A       8%          7
 Enfeeble                 Hex            28%        N/A       8%          7
 Ozocubu's Refrigeration  Ice            36%        4d12      8%          7
 Storm Form               Tmut/Air       36%        N/A       8%          7
 Borgnjor's Revivificati  Necr           28%        N/A       50%         8
 Discord                  Hex            28%        N/A       50%         8
 Disjunction              Tloc           28%        N/A       50%         8
 Ignition                 Fire           36%        3d11      50%         8
 Lehudib's Crystal Spear  Conj/Erth      36%        10d9      50%         8
 Death's Door             Necr           28%        N/A       100%        9
 Fire Storm               Conj/Fire      36%        8d9       100%        9
 Polar Vortex             Ice            36%        N/A       100%        9
 Shatter                  Erth           36%        3d29*     100%        9
 Animate Skeleton         Necr           Unusable   N/A       N/A         1
 Summon Guardian Golem    Hex/Summ       Unusable   N/A       N/A         3
 Tukima's Dance           Hex            Unusable   N/A       N/A         3
 Animate Dead             Necr           Unusable   N/A       N/A         4
 Animate Armour           Summ/Erth      Unusable   N/A       N/A         4
 Summon Lightning Spire   Summ/Air       Unusable   N/A       N/A         4
 Summon Small Mammal      Summ           Unusable   N/A       N/A         1
 Simulacrum               Ice/Necr       Unusable   N/A       N/A         6
 Infestation              Necr           Unusable   N/A       N/A         8
 Spellforged Servitor     Conj/Summ      Unusable   N/A       N/A         7
 Summon Hydra             Summ           Unusable   N/A       N/A         7
 Summon Horrible Things   Summ           Unusable   N/A       N/A         8

Dungeon Overview and Level Annotations

Branches:
Dungeon (15/15)            Temple (0/1) D:4            Lair (6/6) D:11
 Shoals (4/4) Lair:4        Snake (4/4) Lair:4        Slime (5/5) Lair:6
    Orc (2/2) D:10            Elf (3/3) Orc:2        Vaults (5/5) D:14
  Crypt (3/3) Vaults:2       Tomb (0/3) Crypt:3      Depths (4/4) D:15
    Zot (4/5) Depths:4      IceCv (visited)         Volcano (visited)
 WizLab (visited)         Gauntlet (visited)

Altars:
Ashenzari
Cheibriados
Elyvilon
Gozag
Hepliaklqana
Kikubaaqudgha
Ru
Sif Muna
Trog
Uskayaw
The Shining One

Shops:
D:14 (   Orc:2 ?![?   Elf:2 (   Elf:3 (   Shoals:1 *   Snake:1 =:=   Snake:2 [
Snake:3 *   Snake:4 (:[   Vaults:4 *

Portals:
Hell: Depths:1 Depths:2 Depths:3 Depths:4
Abyss: Depths:3
Pandemonium: Depths:2


Innate Abilities, Weirdness & Mutations

You have very sharp teeth.
You occasionally shout uncontrollably at your foes.
Potions are less effective at restoring your health.
You sometimes lose the ability to drink potions when taking damage.
You are hated by all.
You are inexperienced. (-4 XL)
Your uncanny sense of smell can sniff out nearby items.
Your experience applies equally to all skills.
Your flesh is cold resistant. (rC+)
You are resistant to electric shocks. (rElec)


Message History

As you read the scroll of blinking, it crumbles to dust.
There is an empty arch of ancient stone here.
As you read the scroll of fog, it crumbles to dust.
The scroll dissolves into smoke.
Okay, then.
Okay, then.
You cannot drink potions in your current state!
Aiming: Paralyse
Press: ? - help, Shift-Dir - straight line, f - Sehul
Aim: Sehul (grey smoke, moderately wounded, covered in acid, chance to affect: 0%)
Okay, then.
Unknown command.
Okay, then.
Press: ? - help, v - describe, . - travel
Here: Sehul (grey smoke, moderately wounded, covered in acid)
The floor.
Press: ? - help, v - describe, . - travel
Here: Sehul (grey smoke, moderately wounded, covered in acid)
The floor.
Okay, then.
Press: ? - help, v - describe, . - travel
Here: Sehul (grey smoke, moderately wounded, covered in acid)
The floor.
Really read the scroll of vulnerability?
As you read the scroll of vulnerability, it crumbles to dust.
Magic quickly surges around you. Sehul gestures at you.
The bolt of dispelling energy hits you!!!
Your magical effects are unravelling.
* * * LOW HITPOINT WARNING * * *
Unknown command.
Aiming: Paralyse
Press: ? - help, Shift-Dir - straight line, f - Sehul
Aim: Sehul (grey smoke, moderately wounded, weak-willed, covered in acid, chance to affect: 34%)
Okay, then.
As you read the scroll of fear, it crumbles to dust.
You assume a fearsome visage.
Sehul resists with some effort.
You feel your willpower return. Sehul hits you!!
You die...

###.......###
##...........##
#.#~#.....#0#0#
##.0#~.....~#0.##
#..#0#.....#0#..#
#..).........000#
#)\!.....&...000##
.[>)&........00&@#
#)\!.........000##
#............000#
#..#~#.....#~#..#
##.~#~.....~#0.##
#.#0#.....#~#.#
##...........##
###.......###


You could see Sehul (weak-willed, corroded).

Vanquished Creatures
  the Royal Jelly (Slime:5)
  An orb of fire (Zot:1)
  2 dread liches
  Mennas (Crypt:2)
  Khufu (Crypt:3)
  A juggernaut (Depths:3)
  A royal mummy (Crypt:3)
  A Killer Klown (Zot:4)
  Boris (twice) (Vaults:4 Depths:4)
  Bai Suzhen (Crypt:3)
  Xtahua (Crypt:1)
  2 curse toes
  10 golden dragons
  5 caustic shrikes (Depths:4)
  the Enchantress (Depths:3)
  Nikola (Vaults:3)
  A bone dragon (Crypt:3)
  3 Brimstone Fiends
  A shard shrike zombie (Crypt:1)
  An Ice Fiend (Zig:8)
  A hellephant (Zig:6)
  Zenata (Elf:1)
  3 liches
  12 tentacled monstrosities
  Mlioglotl (Snake:2)
  2 Hell Sentinels
  2 searing wretches
  Asterion (Depths:1)
  8 titans
  2 deep elf blademasters (Elf:3)
  18 acid blobs
  9 quicksilver dragons
  6 death cobs
  Agnes (Elf:1)
  7 sphinxes
  3 ancient champions
  Kirke (Snake:3)
  5 tentacled starspawn
  Gastronok (Lair:3)
  Donald (Snake:1)
  7 tengu reavers
  14 storm dragons
  6 shadow dragons
  11 azure jellies
  8 draconian knights
  A draconian monk (Zot:2)
  Roxanne (Snake:2)
  2 revenants
  4 nagarajas (Snake:4)
  6 rockslimes
  An emperor scorpion (Depths:3)
  4 draconian scorchers
  A ghost moth (Zot:3)
  7 fire giants
  13 vault wardens
  2 frost giants
  4 deep elf sorcerers
  2 orc warlords (Vaults:3)
  5 iron dragons
  6 balrugs
  Aizul (Shoals:3)
  Louise (Snake:2)
  13 ghouls
  The ghost of raistware the Gelid, an adept HuIE of Hepliaklqana (Snake:1)
  4 draconian shifters
  2 deep elf elementalists (Elf:3)
  7 caustic shrike skeletons
  4 war gargoyles
  7 draconian annihilators
  5 draconian stormcallers
  A reaper (Zig:8)
  9 spriggan defenders
  18 stone giants
  11 quicksilver oozes
  24 ironbound preservers
  A demonspawn blood saint (Zig:8)
  14 vampire knights
  23 very ugly things
  Azrael (Elf:1)
  3 deep elf demonologists
  16 green draconians
  7 black draconians
  7 ironbound thunderhulks
  7 purple draconians
  10 red draconians
  20 dire elephants
  15 deep elf annihilators
  5 spark wasps
  A lorocyproca (Abyss:5)
  7 white draconians
  A minotaur (Gauntlet)
  8 yellow draconians
  2 blizzard demons
  3 merfolk javelineers (Shoals:4)
  11 deep elf death magi
  A fire dragon (Depths:2)
  12 jiangshi
  A quicksilver dragon zombie (Crypt:3)
  5 crystal guardians
  7 merfolk impalers
  6 eidola
  22 yaktaur captains
  16 great orbs of eyes
  11 ettins
  7 deep elf high priests
  15 hydras
  15 naga warriors
  41 vault guards
  Harold (Lair:2)
  3 salamander tyrants
  7 rakshasas
  Erolcha (D:10)
  A boulder beetle (D:14)
  6 ice dragons
  12 ironbound frosthearts
  6 death knights
  A peacekeeper (Vaults:4)
  29 two-headed ogres
  6 ogre magi
  9 spriggan air magi
  10 anacondas
  Erica (D:8)
  3 catoblepae
  3 merfolk avatars
  2 centaur warriors
  7 tengu warriors
  29 dancing weapons
  3 alligator snapping turtles
  23 death yaks
  5 deep troll earth magi
  6 satyrs
  7 deep troll shamans
  3 merfolk aquamancers
  A titan zombie (Vaults:1)
  5 vampire magi
  11 spriggan berserkers
  8 shock serpents
  2 soul eaters (Vaults:2)
  18 naga sharpshooters
  17 deep elf knights
  8 hell knights
  46 spriggans
  Sonja (Lair:2)
  A sun demon (WizLab)
  28 skeletal warriors
  13 salamander mystics
  A sixfirhy (Abyss:3)
  A shadow wraith (Crypt:1)
  5 wretched stars (Abyss:5)
  13 sea snakes
  5 iron trolls
  Lodul (D:10)
  6 naga ritualists
  A spatial maelstrom (Abyss:3)
  6 starcursed masses (Abyss:3)
  7 spriggan druids
  2 obsidian statues
  A death drake (Zig:7)
  4 swamp dragons
  4 flayed ghosts
  An orb spider (shapeshifter) (Vaults:5)
  12 phantasmal warriors
  13 harpies
  51 deep trolls
  5 deep elf archers
  2 bog bodies (Crypt:2)
  A glowing orange brain (Slime:5)
  12 ironbound convokers
  5 wizards
  8 orc knights
  16 lindwurms
  4 mana vipers
  An orange crystal statue (Zig:7)
  2 shadow dragon zombies
  27 deep elf zephyrmancers
  An oklob plant (Lair:4)
  32 deep elf pyromancers
  A wolf spider (Zig:1)
  17 manticores
  A manticore (shapeshifter) (D:15)
  A human zombie (Vaults:1)
  8 necromancers
  8 cyclopes
  29 fauns
  50 ugly things
  3 orc sorcerers
  3 draconians (Abyss:5)
  5 shining eyes
  2 worldbinders
  A centaur zombie (Crypt:3)
  Maurice (D:13)
  12 moths of wrath
  13 elephants
  18 salamanders
  6 guardian serpents
  9 merfolk sirens
  50 black mambas
  6 ice statues
  Joseph (D:8)
  6 water nymphs
  3 molten gargoyles (D:13)
  13 naga magi
  A smoke demon (Abyss:3)
  18 vault sentinels
  3 torpor snails
  An orb spider zombie (Crypt:2)
  Maggie (D:6)
  3 eyes of devastation
  15 cane toads
  A gargoyle (D:14)
  A naga skeleton (Crypt:3)
  15 rime drakes
  4 minotaur zombies
  2 unseen horrors
  A kobold demonologist (D:11)
  9 komodo dragons
  A catoblepas zombie (Crypt:1)
  20 yaktaurs
  10 freezing wraiths
  2 tormentors (Zig:4)
  3 tengu conjurers
  An anaconda simulacrum (IceCv)
  A green draconian skeleton (Crypt:2)
  A human skeleton (WizLab)
  A bunyip simulacrum (Crypt:1)
  An efreet (D:14)
  A hellwing (WizLab)
  7 ancient zymes
  7 meliai
  4 polar bears
  2 queen bees
  9 trolls
  A polar bear (shapeshifter) (D:15)
  23 hornets
  34 merfolk
  5 wind drakes
  13 snapping turtles
  3 raiju
  25 blink frogs
  2 harpy skeletons (Crypt:3)
  Grinder (D:3)
  89 slime creatures
  An ettin zombie (Crypt:3)
  2 human simulacra (Vaults:1)
  45 flying skulls
  A centaur simulacrum (Crypt:1)
  21 water elementals
  A guardian serpent skeleton (Crypt:1)
  A dire elephant simulacrum (IceCv)
  An ettin skeleton (Crypt:2)
  10 wyverns
  Sigmund (D:4)
  6 air elementals
  A shadow (D:12)
  A vampire (D:11)
  16 wraiths
  52 yaks
  2 hogs (Snake:3)
  3 fire bats (Lair:2)
  10 basilisks
  2 neqoxecs
  Eustachio (D:5)
  19 golden eyes
  9 fire elementals
  4 chaos spawn
  2 death yak simulacra
  4 humans (Snake:3)
  2 steam dragons
  4 spatial vortices
  11 vampire mosquitoes
  6 wargs
  A large abomination (WizLab)
  43 nagas
  23 water moccasins
  3 hell hounds
  A water nymph zombie (Crypt:2)
  2 ice beasts
  9 acid dragons
  A floating eye (shapeshifter) (Vaults:5)
  13 orc warriors
  A swamp drake (Zig:5)
  5 sky beasts
  An ice beast (shapeshifter) (D:14)
  2 black bears (Lair:6)
  3 boggarts (D:14)
  26 ogres
  16 wolves
  A torpor snail zombie (Crypt:1)
  4 centaurs
  A manticore skeleton (Crypt:1)
  2 phantoms
  Blork the orc (D:4)
  4 kobold brigands
  A salamander zombie (Crypt:2)
  20 bullfrogs
  9 necrophages
  7 scorpions
  A cane toad simulacrum (IceCv)
  An earth elemental (Elf:2)
  2 gnoll sergeants
  A two-headed ogre simulacrum (D:13)
  3 wights (D:9)
  2 small abominations
  An elephant simulacrum (IceCv)
  A queen bee zombie (Crypt:1)
  A polar bear zombie (Crypt:1)
  63 killer bees
  3 electric eels
  5 hounds
  2 jellies
  16 orc priests
  Crazy Yiuf (D:4)
  An iguana (D:6)
  19 orc wizards
  4 hell rats (Lair:6)
  A polar bear simulacrum (IceCv)
  3 spriggan simulacra
  3 wolf simulacra
  A killer bee zombie (Crypt:1)
  A troll simulacrum (D:13)
  2 mummies (Crypt:3)
  9 gnolls
  A river rat (Lair:5)
  6 adders
  A howler monkey skeleton (Crypt:1)
  A naga simulacrum (D:13)
  A shadow imp (D:8)
  A steam dragon skeleton (Crypt:2)
  4 white imps
  3 ufetubi
  2 worms (D:2)
  2 dart slugs
  78 orcs
  3 ball pythons
  9 endoplasms
  4 giant cockroaches
  4 hobgoblins
  13 kobolds
  5 quokkas
  9 bats
  6 goblins
  A kobold skeleton (Crypt:1)
  6 rats
  2 starspawn tentacles
2607 creatures vanquished.

Vanquished Creatures (others)
  Saint Roka (Vaults:5)
  A lich (Vaults:5)
  A shard shrike skeleton (Crypt:3)
  A titan (Vaults:5)
  A quicksilver dragon (Vaults:1)
  2 death cobs
  An eldritch tentacle (WizLab)
  A draconian monk (Zot:4)
  A frost giant (Vaults:5)
  2 quicksilver oozes
  A war gargoyle (Crypt:3)
  A spriggan defender (Depths:3)
  A stone giant (Vaults:5)
  A caustic shrike skeleton (Depths:3)
  2 vampire knights (Depths:2)
  A white draconian (Depths:3)
  A red draconian (Zot:1)
  2 dire elephants
  An ettin (Depths:4)
  A quicksilver dragon zombie (Crypt:3)
  A hydra (Lair:1)
  A satyr (Shoals:3)
  2 two-headed ogres
  A death yak (Gauntlet)
  A spriggan berserker (Depths:3)
  A deep troll shaman (Depths:2)
  A dancing weapon (Elf:2)
  4 deep elf knights
  A bunyip skeleton (Crypt:3)
  3 deep trolls
  A lindwurm (Vaults:2)
  A necromancer (Crypt:3)
  2 phantasmal warriors (Depths:2)
  2 deep elf zephyrmancers
  2 deep elf pyromancers
  A faun (Shoals:3)
  A salamander (Snake:1)
  2 manticores (D:15)
  A molten gargoyle (D:13)
  A naga skeleton (Crypt:3)
  An ancient zyme (Abyss:5)
  A hornet (Depths:3)
  A snapping turtle (Shoals:3)
  A small abomination (Abyss:5)
  2 spriggans
  A large abomination (Abyss:5)
  A hog (Snake:3)
  A naga (Snake:4)
  A bullfrog (Lair:1)
  3 killer bees
  An electric eel (Lair:6)
  An orc wizard (D:6)
  A wolf simulacrum (D:13)
  2 gnolls
  An orc (Orc:2)
  2 goblins
  A bush (Depths:3)
  38 fungi
  A lurking horror (Abyss:5)
  141 plants
  16 starspawn tentacles
272 creatures vanquished.

Grand Total: 2879 creatures vanquished

Notes
Turn   | Place    | Note
-------+----------+-------------------------------------------
     0 | D:1      | Nolga the Gnoll Artificer began the quest for the Orb.
     0 | D:1      | Reached XP level 1. HP: 17/17 MP: 1/1
   136 | D:1      | Found a faded altar of an unknown god.
   147 | D:1      | Prayed at the altar of an unknown god.
   147 | D:1      | Became a worshipper of Ru the Awakened
   153 | D:1      | Gained mutation: You are hated by all. [Ru sacrifice]
   153 | D:1      | Reached * piety under Ru
   350 | D:1      | Reached XP level 2. HP: 23/23 MP: 2/2
  1012 | D:2      | Reached XP level 3. HP: 27/28 MP: 3/3
  1463 | D:2      | Identified the +6 leather armour of Enormous Surprise
                  | {Rampage rC+ Regen+ Str+4}
  1628 | D:2      | Identified a scroll of acquirement
  1628 | D:2      | Acquired the ring of Ulaor {rPois rF+ Int-3 SInv Stlth+}
  1930 | D:2      | Reached skill level 1 in Invocations
  2075 | D:3      | Noticed Grinder
  2086 | D:3      | Killed Grinder
  2087 | D:3      | Reached skill level 1 in Short Blades
  2087 | D:3      | Reached skill level 1 in Long Blades
  2087 | D:3      | Reached skill level 1 in Axes
  2087 | D:3      | Reached skill level 1 in Maces & Flails
  2087 | D:3      | Reached skill level 1 in Polearms
  2087 | D:3      | Reached skill level 1 in Staves
  2087 | D:3      | Reached skill level 1 in Slings
  2087 | D:3      | Reached skill level 1 in Bows
  2087 | D:3      | Reached skill level 1 in Crossbows
  2087 | D:3      | Reached skill level 1 in Throwing
  2087 | D:3      | Reached skill level 1 in Shields
  2087 | D:3      | Reached skill level 1 in Unarmed Combat
  2087 | D:3      | Reached skill level 1 in Spellcasting
  2087 | D:3      | Reached skill level 1 in Conjurations
  2087 | D:3      | Reached skill level 1 in Hexes
  2087 | D:3      | Reached skill level 1 in Necromancy
  2087 | D:3      | Reached skill level 1 in Translocations
  2087 | D:3      | Reached skill level 1 in Transmutations
  2087 | D:3      | Reached skill level 1 in Fire Magic
  2087 | D:3      | Reached skill level 1 in Ice Magic
  2087 | D:3      | Reached skill level 1 in Air Magic
  2087 | D:3      | Reached skill level 1 in Earth Magic
  2087 | D:3      | Reached skill level 1 in Poison Magic
  2087 | D:3      | Reached XP level 4. HP: 25/35 MP: 4/6
  2087 | D:3      | Reached XP level 5. HP: 29/41 MP: 4/7
  2087 | D:3      | Reached XP level 6. HP: 33/47 MP: 4/8
  2458 | D:3      | Gained mutation: You are somewhat inexperienced. (-2 XL)
                  | [Ru sacrifice]
  2458 | D:3      | Reached XP level 5. HP: 41/41 MP: 7/7
  2458 | D:3      | Reached XP level 4. HP: 35/35 MP: 6/6
  2458 | D:3      | Reached ** piety under Ru
  2458 | D:3      | Reached *** piety under Ru
  2724 | D:3      | Found a glowing golden altar of the Shining One.
  2724 | D:3      | Found a hide-covered altar of Uskayaw.
  2826 | D:3      | Reached skill level 5 in Armour
  3026 | D:4      | Reached XP level 5. HP: 38/41 MP: 8/8
  3076 | D:4      | Found a staircase to the Ecumenical Temple.
  3076 | D:4      | Noticed Sigmund
  3080 | D:4      | Killed Sigmund
  3143 | D:4      | Noticed Blork the orc
  3160 | D:4      | Killed Blork the orc
  3185 | D:4      | Identified the ring "Qaur" {rC- MP+9 Str+4 Int+8}
  3231 | D:4      | Found a runed translucent door.
  3232 | D:4      | Noticed Crazy Yiuf
  3237 | D:4      | Killed Crazy Yiuf
  3238 | D:4      | Reached XP level 6. HP: 48/48 MP: 10/10
  3245 | D:4      | Identified the +6 mace of Law {freeze, *Corrode rElec Int+3
                  | Dex+4}
  3383 | D:4      | Identified the +9 dagger of Giessotuhu {holy, +Blink rN+
                  | Str+3 Int+2}
  3402 | D:5      | Entered Level 5 of the Dungeon
  3562 | D:5      | Noticed Eustachio
  3570 | D:5      | Killed Eustachio
  4106 | D:6      | Reached XP level 7. HP: 55/55 MP: 12/12
  4385 | D:6      | Found the +1 Delatra's gloves {ID++}
  4402 | D:6      | Reached skill level 5 in Fighting
  4402 | D:6      | Reached skill level 5 in Dodging
  4469 | D:6      | Gained mutation: You are inexperienced. (-4 XL) [Ru
                  | sacrifice]
  4469 | D:6      | Reached XP level 6. HP: 51/51 MP: 12/12
  4469 | D:6      | Reached XP level 5. HP: 44/44 MP: 11/11
  4469 | D:6      | Reached **** piety under Ru
  4469 | D:6      | Reached ***** piety under Ru
  4524 | D:6      | Noticed Maggie
  4535 | D:6      | Killed Maggie
  4536 | D:6      | Reached skill level 5 in Stealth
  4994 | D:7      | Reached skill level 5 in Invocations
  5572 | D:8      | Reached XP level 6. HP: 51/51 MP: 13/13
  5590 | D:8      | Noticed Erica
  5603 | D:8      | Killed Erica
  5604 | D:8      | Reached skill level 5 in Short Blades
  5604 | D:8      | Reached skill level 5 in Long Blades
  5604 | D:8      | Reached skill level 5 in Axes
  5604 | D:8      | Reached skill level 5 in Maces & Flails
  5604 | D:8      | Reached skill level 5 in Polearms
  5604 | D:8      | Reached skill level 5 in Staves
  5604 | D:8      | Reached skill level 5 in Slings
  5604 | D:8      | Reached skill level 5 in Bows
  5604 | D:8      | Reached skill level 5 in Crossbows
  5604 | D:8      | Reached skill level 5 in Throwing
  5604 | D:8      | Reached skill level 5 in Shields
  5604 | D:8      | Reached skill level 5 in Unarmed Combat
  5604 | D:8      | Reached skill level 5 in Spellcasting
  5860 | D:8      | Noticed Joseph
  5872 | D:8      | Killed Joseph
  6138 | D:8      | Found a white marble altar of Elyvilon.
  6141 | D:8      | Found a shimmering blue altar of Sif Muna.
  6479 | D:9      | Noticed a two-headed ogre
  6480 | D:9      | Noticed a two-headed ogre
  6503 | D:9      | Killed a two-headed ogre
  6504 | D:9      | Reached XP level 7. HP: 38/59 MP: 15/15
  6506 | D:9      | Gained mutation: Potions are less effective at restoring
                  | your health. [Ru sacrifice]
  6520 | D:9      | Killed a two-headed ogre
  6528 | D:9      | Reached skill level 5 in Conjurations
  6528 | D:9      | Reached skill level 5 in Hexes
  6528 | D:9      | Reached skill level 5 in Necromancy
  6528 | D:9      | Reached skill level 5 in Translocations
  6528 | D:9      | Reached skill level 5 in Transmutations
  6528 | D:9      | Reached skill level 5 in Fire Magic
  6528 | D:9      | Reached skill level 5 in Ice Magic
  6528 | D:9      | Reached skill level 5 in Air Magic
  6528 | D:9      | Reached skill level 5 in Earth Magic
  6528 | D:9      | Reached skill level 5 in Poison Magic
  7226 | D:10     | Entered Level 10 of the Dungeon
  7366 | D:10     | Noticed Erolcha
  7372 | D:10     | Killed Erolcha
  7485 | D:10     | Found a sacrificial altar of Ru.
  7497 | D:10     | Noticed a two-headed ogre
  7498 | D:10     | Noticed Lodul
  7498 | D:10     | Noticed a two-headed ogre
  7498 | D:10     | Noticed a two-headed ogre
  7498 | D:10     | Noticed a two-headed ogre
  7498 | D:10     | Noticed a two-headed ogre
  7498 | D:10     | Noticed a two-headed ogre
  7498 | D:10     | Noticed a two-headed ogre
  7513 | D:10     | Killed a two-headed ogre
  7514 | D:10     | Killed a two-headed ogre
  7515 | D:10     | Killed Lodul
  7516 | D:10     | Killed a two-headed ogre
  7517 | D:10     | Reached XP level 8. HP: 54/67 MP: 8/18
  7527 | D:10     | Killed a two-headed ogre
  7591 | D:10     | Killed a two-headed ogre
  7591 | D:10     | Killed a two-headed ogre
  7748 | D:10     | Killed a two-headed ogre
  7940 | D:10     | Found a staircase to the Orcish Mines.
  7946 | Orc:1    | Entered Level 1 of the Orcish Mines
  7957 | Orc:1    | Gained mutation: You occasionally shout uncontrollably at
                  | your foes. [Ru sacrifice]
  8039 | Orc:1    | Noticed a soul eater
  8158 | Orc:1    | Reached skill level 10 in Evocations
  8372 | D:11     | Found a staircase to the Lair.
  8478 | D:11     | Noticed an eight-headed hydra
  8491 | D:11     | Killed an eight-headed hydra
  8857 | D:11     | Noticed a two-headed ogre
  8859 | D:11     | Killed a two-headed ogre
  8998 | D:11     | Found a shimmering blue altar of Sif Muna.
  9299 | Lair:1   | Entered Level 1 of the Lair of Beasts
  9463 | Lair:1   | Gained mutation: You sometimes lose the ability to drink
                  | potions when taking damage. [Ru sacrifice]
  9463 | Lair:1   | Reached ****** piety under Ru
  9503 | Lair:1   | Reached XP level 9. HP: 74/74 MP: 20/20
 10226 | Lair:2   | Found a dark tunnel.
 10235 | Volcano  | Entered a volcano
 10254 | Volcano  | Found a bloodstained altar of Trog.
 10255 | Volcano  | Noticed a red draconian
 10300 | Volcano  | Killed a red draconian
 10805 | Lair:2   | Noticed Sonja
 10807 | Lair:2   | Killed Sonja
 10931 | Lair:2   | Identified the ring "Qadeot" {Wiz Str+4}
 11305 | Lair:2   | Noticed Gastronok
 11469 | Lair:3   | Found a gate leading to a gauntlet.
 11478 | Gauntlet | Entered a Gauntlet
 11478 | Gauntlet | Found a transporter.
 11478 | Gauntlet | Found a large runed translucent door.
 11478 | Gauntlet | Found a large runed translucent door.
 11478 | Gauntlet | Found a large runed translucent door.
 11478 | Gauntlet | Found a large runed translucent door.
 11478 | Gauntlet | Found a large runed translucent door.
 11478 | Gauntlet | Found a large runed translucent door.
 11478 | Gauntlet | Found a runed translucent door.
 11478 | Gauntlet | Found a runed translucent door.
 11478 | Gauntlet | Found a large runed translucent door.
 11478 | Gauntlet | Found a large runed translucent door.
 11478 | Gauntlet | Found a large runed translucent door.
 11478 | Gauntlet | Found a large runed translucent door.
 11478 | Gauntlet | Found a large runed translucent door.
 11478 | Gauntlet | Found a large runed translucent door.
 11481 | Gauntlet | Found a transporter.
 11497 | Gauntlet | Found a transporter.
 11501 | Gauntlet | Found a transporter.
 11519 | Gauntlet | Found a transporter.
 11532 | Gauntlet | Found a transporter.
 11541 | Gauntlet | Noticed a great orb of eyes
 11545 | Gauntlet | Found a transporter.
 11565 | Gauntlet | Found a transporter.
 11569 | Gauntlet | Found a transporter.
 11577 | Gauntlet | Found a transporter.
 11590 | Gauntlet | Found a large runed translucent door.
 11591 | Gauntlet | Found a large runed translucent door.
 11596 | Gauntlet | Found a runed translucent gate.
 11596 | Gauntlet | Found a runed translucent gate.
 11596 | Gauntlet | Found a runed translucent gate.
 11598 | Gauntlet | Found a transporter.
 11602 | Gauntlet | Found a transporter.
 11618 | Gauntlet | Found a large runed translucent door.
 11619 | Gauntlet | Found a large runed translucent door.
 11897 | Gauntlet | Identified the ring "Myudghipown" {rC+ AC+4}
 11898 | Gauntlet | Identified the +1 battleaxe of the Valley {drain, rElec
                  | Str+5}
 11980 | Gauntlet | Killed a great orb of eyes
 11981 | Gauntlet | Reached skill level 10 in Armour
 11981 | Gauntlet | Reached XP level 10. HP: 74/78 MP: 13/22
 12151 | Gauntlet | Identified the +0 ring mail of Rituesh {Will+++ Str-5 SInv
                  | Stlth-}
 12152 | Gauntlet | Got the Compendium of Black Secrets
 12152 | Gauntlet | Got Sif Muna's Guide on Lightness and Transmutation
 12403 | Lair:3   | Killed Gastronok
 12512 | Lair:3   | Reached skill level 10 in Invocations
 13084 | Lair:4   | Found a staircase to the Snake Pit.
 13462 | Lair:4   | Found a staircase to the Shoals.
 13932 | Lair:5   | Found a broken altar of Ashenzari.
 14031 | Lair:5   | Identified the +6 chain mail of Sin {-Cast rCorr Dex+5}
 14233 | Lair:5   | Reached skill level 10 in Fighting
 14233 | Lair:5   | Reached skill level 10 in Dodging
 14414 | Lair:5   | Reached skill level 10 in Stealth
 14744 | Lair:5   | Reached XP level 11. HP: 76/84 MP: 15/24
 15517 | Lair:6   | Entered Level 6 of the Lair of Beasts
 15546 | Lair:6   | Reached skill level 10 in Short Blades
 15546 | Lair:6   | Reached skill level 10 in Long Blades
 15546 | Lair:6   | Reached skill level 10 in Axes
 15546 | Lair:6   | Reached skill level 10 in Maces & Flails
 15546 | Lair:6   | Reached skill level 10 in Polearms
 15546 | Lair:6   | Reached skill level 10 in Staves
 15546 | Lair:6   | Reached skill level 10 in Slings
 15546 | Lair:6   | Reached skill level 10 in Bows
 15546 | Lair:6   | Reached skill level 10 in Crossbows
 15546 | Lair:6   | Reached skill level 10 in Throwing
 15546 | Lair:6   | Reached skill level 10 in Shields
 15546 | Lair:6   | Reached skill level 10 in Unarmed Combat
 15546 | Lair:6   | Reached skill level 10 in Spellcasting
 15624 | Lair:6   | Found a staircase to the Slime Pits.
 15627 | Lair:6   | Identified the +1 war axe of the Turnip {vorpal, rF+ Str+4}
 16394 | Lair:6   | Identified the +8 trident of Kismet {venom, rN+ Str+3
                  | Dex+4}
 16702 | D:12     | You fall into a shaft and drop 3 floors!
 16702 | D:15     | Entered Level 15 of the Dungeon
 16840 | D:14     | Found Nyaseiva's Weapon Boutique.
 16881 | D:14     | Reached XP level 12. HP: 82/89 MP: 17/26
 17096 | D:13     | Found a frozen archway.
 17132 | IceCv    | Entered an ice cave
 17361 | IceCv    | Identified the +5 scythe of Patterns {vamp, Str+6}
 17530 | D:13     | Acquired the +5 lajatang "Dela" {freeze, *Noise rElec
                  | Int+5}
 17755 | D:13     | Identified the +4 flail of Regicide {venom, Stlth+}
 17903 | D:13     | Noticed Maurice
 17911 | D:13     | Killed Maurice
 18920 | D:14     | Found a gate to the Vaults.
 19042 | D:14     | Got the Incunabulum of Dried Tears
 19622 | D:15     | Found a staircase to the Depths.
 19715 | D:15     | Identified the +0 buckler of Attehuv {Will+ Str+5 Dex+4}
 20722 | D:15     | Found a runed translucent door.
 20725 | D:15     | Paralysed by a great orb of eyes for 5 turns
 20828 | D:15     | Identified the ring of Gozag's Esteem {Str+4 Dex+6}
 21013 | Orc:2    | Entered Level 2 of the Orcish Mines
 21013 | Orc:2    | Found Lem Xust's Magic Scroll Emporium.
 21097 | Orc:2    | Reached XP level 13. HP: 38/106 MP: 10/28
 21238 | Orc:2    | Found a staircase to the Elven Halls.
 21243 | Orc:2    | Found Ecunat's Distillery.
 21295 | Orc:2    | Found Qizuizub's Antique Armour Shop.
 21300 | Orc:2    | Found Seetami's Magic Scroll Shoppe.
 21301 | Orc:2    | Found Winah's Weapon Shoppe.
 21320 | Orc:2    | Bought a scroll of acquirement for 832 gold pieces
 21320 | Orc:2    | Acquired the +0 cloak of Batygoall {Drain Str+2 Int+6}
 21614 | Orc:2    | Bought a scroll of enchant weapon for 120 gold pieces
 21614 | Orc:2    | Bought a scroll of enchant weapon for 120 gold pieces
 21614 | Orc:2    | Bought a scroll of enchant armour for 120 gold pieces
 21633 | Orc:2    | Bought a scroll of enchant weapon for 105 gold pieces
 21736 | Snake:1  | Entered Level 1 of the Snake Pit
 21739 | Snake:1  | Noticed Donald
 21760 | Snake:1  | Killed Donald
 21930 | Snake:1  | Found a runed translucent gate.
 21930 | Snake:1  | Found a runed translucent gate.
 21930 | Snake:1  | Found an opulent altar of Gozag.
 21931 | Snake:1  | Found a runed translucent gate.
 21931 | Snake:1  | Noticed raistware's ghost (adept HuIE)
 22021 | Snake:1  | Got Arontearr's Tome of Blistering Stones
 22204 | Snake:1  | You fall into a shaft and drop 1 floor!
 22212 | Snake:2  | Noticed Louise
 22232 | Snake:2  | Killed Louise
 22889 | Snake:1  | Found Nytoot's Jewellery Emporium.
 22889 | Snake:1  | Found Iwah's Book Boutique.
 22890 | Snake:1  | Found Ymiocinimp's Jewellery Emporium.
 22900 | Snake:1  | Bought the ring "Xuptot" {Str+6 Int-3 Slay+4} for 836 gold
                  | pieces
 23210 | Snake:2  | Noticed Mlioglotl
 23225 | Snake:2  | Killed Mlioglotl
 23226 | Snake:2  | Reached skill level 10 in Conjurations
 23226 | Snake:2  | Reached skill level 10 in Hexes
 23226 | Snake:2  | Reached skill level 10 in Necromancy
 23226 | Snake:2  | Reached skill level 10 in Translocations
 23226 | Snake:2  | Reached skill level 10 in Transmutations
 23226 | Snake:2  | Reached skill level 10 in Fire Magic
 23226 | Snake:2  | Reached skill level 10 in Ice Magic
 23226 | Snake:2  | Reached skill level 10 in Air Magic
 23226 | Snake:2  | Reached skill level 10 in Earth Magic
 23226 | Snake:2  | Reached skill level 10 in Poison Magic
 23364 | Snake:2  | Found Nauqitz's Antique Armour Shoppe.
 23408 | Snake:2  | Noticed Roxanne
 23433 | Snake:2  | Killed Roxanne
 24720 | Snake:3  | Found Hezoufig's Assorted Antiques.
 24727 | Snake:3  | Bought an ancient platinum ring for 155 gold pieces
 24727 | Snake:3  | Identified the ring of Elih {*Slow rElec rF+ Will+ MP+9}
                  | (You bought it in a shop on level 3 of the Snake Pit)
 25096 | Snake:3  | Noticed Kirke
 25106 | Snake:3  | Killed Kirke
 25134 | Snake:3  | Reached XP level 14. HP: 114/116 MP: 30/30
 25487 | Elf:1    | Entered Level 1 of the Elven Halls
 25635 | Elf:1    | Paralysed by an air elemental for 1 turns
 25800 | Elf:1    | Noticed Zenata
 25811 | Elf:1    | Killed Zenata
 25843 | Elf:1    | Noticed Agnes
 25946 | Elf:1    | Killed Agnes
 26138 | Elf:1    | Paralysed by an air elemental for 1 turns
 26141 | Elf:1    | Paralysed by an air elemental for 1 turns
 26246 | Elf:1    | Noticed Azrael
 26252 | Elf:1    | Killed Azrael
 26548 | Elf:1    | Got the Volume of Supportive Conjuration
 27201 | Elf:2    | Paralysed by an air elemental for 1 turns
 27342 | Elf:2    | Found Voasovu's Antique Weapon Shop.
 27389 | Elf:2    | Found a runed translucent gate.
 27390 | Elf:2    | Found a runed translucent gate.
 27390 | Elf:2    | Found a runed translucent gate.
 27690 | Elf:3    | Entered Level 3 of the Elven Halls
 27959 | Snake:4  | Entered Level 4 of the Snake Pit
 28065 | Snake:4  | Found Waecic's Antique Weapon Shop.
 28067 | Snake:4  | Found Oseqef's Book Boutique.
 28070 | Snake:4  | Found Zasuh's Antique Armour Shop.
 28288 | Snake:4  | Identified the +9 scimitar of Fortitude {drain, rN++ MP+9}
 28612 | Snake:4  | Reached XP level 15. HP: 69/109 MP: 14/31
 29552 | Snake:4  | Got a serpentine rune of Zot
 29865 | Vaults:1 | Entered Level 1 of the Vaults
 30737 | Vaults:1 | Noticed a Hell Sentinel
 31280 | Vaults:2 | You fall into a shaft and drop 1 floor!
 31280 | Vaults:3 | Noticed Nikola
 31294 | Vaults:3 | Killed Nikola
 31447 | Vaults:3 | Acquired 645 gold pieces
 31449 | Vaults:3 | Acquired the +3 Mad Mage's Maulers {Infuse+∞ RegenMP Int-3}
 31449 | Vaults:3 | Found the +3 Mad Mage's Maulers {Infuse+∞ RegenMP Int-3}
 31450 | Vaults:3 | Acquired the +2 hood of the Assassin {Detection Stab+
                  | Stlth++}
 31450 | Vaults:3 | Found the +2 hood of the Assassin {Detection Stab+ Stlth++}
 31563 | Vaults:3 | Reached XP level 16. HP: 112/115 MP: 0/33
 32052 | Vaults:2 | Found a flickering gateway to a bazaar.
 32066 | Bazaar   | Entered a bazaar
 32103 | Bazaar   | Found Imiapn's Jewellery Boutique.
 32124 | Bazaar   | Found Ygoh's General Store.
 32146 | Bazaar   | Found Wuhipt's Book Boutique.
 32166 | Bazaar   | Found Osmi's Antique Armour Shoppe.
 32193 | Bazaar   | Bought an amulet of reflection for 330 gold pieces
 32211 | Bazaar   | Learned a level 5 spell: Lee's Rapid Deconstruction
 32214 | Bazaar   | Learned a level 2 spell: Wereblood
 32218 | Bazaar   | Learned a level 3 spell: Stone Arrow
 32223 | Bazaar   | Learned a level 4 spell: Iskenderun's Mystic Blast
 32229 | Bazaar   | Learned a level 5 spell: Fireball
 32425 | Vaults:2 | Reached skill level 15 in Evocations
 33296 | Vaults:2 | Found a staircase to the Crypt.
 33705 | Vaults:2 | Reached skill level 15 in Invocations
 35924 | Vaults:4 | Reached XP level 17. HP: 104/130 MP: 35/35
 36604 | Vaults:4 | Reached skill level 15 in Armour
 37362 | Vaults:4 | Noticed Boris
 37388 | Vaults:4 | Killed Boris
 37575 | Vaults:4 | Found Joluic's General Store.
 38235 | Elf:3    | Found Avvilot's Weapon Shoppe.
 41048 | Elf:3    | Got the Reference Book on Heat and Evil
 41159 | Elf:3    | Got the Disquisition on Fiery Flight
 41202 | Elf:3    | Identified the +1 chain mail of Defence {Dex+3}
 41205 | Elf:3    | Identified the +0 helmet "Darchog Pysie" {-Tele Regen+
                  | Int+8 Dex-2}
 41458 | Shoals:1 | Entered Level 1 of the Shoals
 41461 | Shoals:1 | Found Ceah's Gadget Gallery.
 41467 | Shoals:1 | Reached skill level 15 in Fighting
 41467 | Shoals:1 | Reached skill level 15 in Dodging
 41687 | Shoals:1 | Reached XP level 18. HP: 80/144 MP: 36/36
 41785 | Shoals:1 | Reached skill level 15 in Stealth
 43127 | Shoals:3 | Noticed Aizul
 43134 | Shoals:3 | Killed Aizul
 43231 | Shoals:3 | Reached skill level 15 in Short Blades
 43231 | Shoals:3 | Reached skill level 15 in Long Blades
 43231 | Shoals:3 | Reached skill level 15 in Axes
 43231 | Shoals:3 | Reached skill level 15 in Maces & Flails
 43231 | Shoals:3 | Reached skill level 15 in Polearms
 43231 | Shoals:3 | Reached skill level 15 in Staves
 43231 | Shoals:3 | Reached skill level 15 in Slings
 43231 | Shoals:3 | Reached skill level 15 in Bows
 43231 | Shoals:3 | Reached skill level 15 in Crossbows
 43231 | Shoals:3 | Reached skill level 15 in Throwing
 43231 | Shoals:3 | Reached skill level 15 in Shields
 43231 | Shoals:3 | Reached skill level 15 in Unarmed Combat
 43231 | Shoals:3 | Reached skill level 15 in Spellcasting
 43980 | Shoals:4 | Entered Level 4 of the Shoals
 44180 | Shoals:4 | Identified the +1 leather armour of Fempyk {Will+ MP+9}
 44650 | Shoals:4 | Got a barnacled rune of Zot
 44873 | Shoals:4 | Identified the +2 falchion "Gyacaima" {flame, *Corrode rC+
                  | Int+4}
 44899 | Shoals:4 | Identified the ring "Moose" {rElec rPois Str-2 Int+8 Dex-2}
 45602 | Crypt:1  | Entered Level 1 of the Crypt
 45602 | Crypt:1  | Noticed Xtahua
 45614 | Crypt:1  | Killed Xtahua
 46134 | Depths:1 | Entered Level 1 of the Depths
 46487 | Snake:1  | Bought the ring "Recveuth" {rF+ rC+ SInv} for 468 gold
                  | pieces
 46491 | Snake:1  | Bought the amulet "Qosicom" {RegenMP rPois} for 535 gold
                  | pieces
 46601 | Snake:4  | Bought a jewelled plate armour for 756 gold pieces
 46601 | Snake:4  | Identified the +1 plate armour of the Imp {Harm rPois
                  | Stlth-} (You bought it in a shop on level 4 of the Snake
                  | Pit)
 46651 | Snake:3  | Bought a faintly humming scale mail for 279 gold pieces
 46651 | Snake:3  | Identified the +1 scale mail of the Butcher {+Blink rElec
                  | Str-3 Int+5} (You bought it in a shop on level 3 of the
                  | Snake Pit)
 47015 | Vaults:2 | Identified the +1 ring mail "Pocesykkimp" {rC+}
 47872 | Lair:2   | Noticed Harold
 47892 | Lair:2   | Killed Harold
 48563 | Shoals:3 | Learned a level 5 spell: Borgnjor's Vile Clutch
 48569 | Shoals:3 | Learned a level 5 spell: Irradiate
 48575 | Shoals:3 | Learned a level 5 spell: Freezing Cloud
 48582 | Shoals:3 | Learned a level 6 spell: Iron Shot
 48588 | Shoals:3 | Learned a level 5 spell: Silence
 48782 | Slime:1  | Entered Level 1 of the Pits of Slime
 49021 | Slime:1  | Reached XP level 19. HP: 62/135 MP: 38/38
 50172 | Depths:1 | Found a snail-covered altar of Cheibriados.
 50304 | Depths:1 | Noticed Asterion
 50316 | Depths:1 | Killed Asterion
 51230 | Depths:1 | Found a gateway to Hell.
 51942 | Depths:2 | Found a one-way gate leading to the halls of Pandemonium.
 52609 | Depths:2 | Found a white marble altar of Elyvilon.
 53158 | Depths:2 | Identified the ring of the Sparrow {rC+ rN+ Will+ Dex-3
                  | Stlth+}
 53617 | Depths:2 | Found a runed translucent gate.
 53617 | Depths:2 | Found a runed translucent gate.
 53617 | Depths:2 | Found a runed translucent gate.
 53652 | Depths:2 | Found a runed translucent gate.
 53652 | Depths:2 | Found a runed translucent gate.
 53652 | Depths:2 | Found a runed translucent gate.
 54339 | Depths:3 | Found a one-way gate to the infinite horrors of the Abyss.
 54810 | Depths:3 | Reached XP level 20. HP: 157/165 MP: 40/40
 55081 | Depths:3 | Noticed the Enchantress
 55084 | Depths:3 | Killed the Enchantress
 55524 | Depths:3 | Found a bloodstained altar of Trog.
 55714 | Depths:3 | Found a one-way gateway to a ziggurat.
 56494 | Depths:4 | Entered Level 4 of the Depths
 56494 | Depths:4 | Noticed a caustic shrike
 56496 | Depths:4 | Noticed a caustic shrike
 56496 | Depths:4 | Noticed a caustic shrike
 56497 | Depths:4 | Noticed a caustic shrike
 56498 | Depths:4 | Noticed a caustic shrike
 56502 | Depths:4 | Killed a caustic shrike
 56503 | Depths:4 | Killed a caustic shrike
 56504 | Depths:4 | Killed a caustic shrike
 56506 | Depths:4 | Killed a caustic shrike
 56508 | Depths:4 | Killed a caustic shrike
 57249 | Depths:4 | Noticed a juggernaut
 57389 | Depths:3 | Killed a juggernaut
 58265 | Slime:2  | You fall into a shaft and drop 1 floor!
 58679 | Slime:2  | Paralysed by a great orb of eyes for 2 turns
 59088 | Slime:5  | Entered Level 5 of the Pits of Slime
 59939 | Slime:5  | Gained mutation: Your flesh is cold resistant. (rC+) [a
                  | shining eye]
 60969 | Slime:5  | Noticed the Royal Jelly
 60980 | Slime:5  | Killed the Royal Jelly
 61500 | Slime:5  | Identified the +2 trident of Vodgh {vorpal, *Slow Str+5
                  | SInv}
 61517 | Slime:5  | Identified the +2 spear of the Nurturing Fool {drain, Str+2
                  | SInv}
 61522 | Slime:5  | Identified the amulet of Uzynad {Faith Will+ Int+6 Dex+2
                  | Stlth+}
 61543 | Slime:5  | Got a slimy rune of Zot
 61575 | Slime:5  | Identified the +7 great mace of Compound Interest {vorpal,
                  | MP+9}
 62328 | Depths:2 | Reached XP level 21. HP: 143/150 MP: 32/41
 64817 | Crypt:1  | Learned a level 4 spell: Dispel Undead
 65917 | Crypt:2  | Noticed Mennas
 66000 | Crypt:2  | Killed Mennas
 66327 | Crypt:2  | Found a magical portal.
 66335 | WizLab   | Entered The Roulette of Golubria
 66335 | WizLab   | Found a transporter.
 66338 | WizLab   | Found a corrupted altar of Lugonu.
 66380 | WizLab   | Found a transporter.
 66569 | WizLab   | Found a transporter.
 66585 | WizLab   | Found a corrupted altar of Lugonu.
 66589 | WizLab   | Found a transporter.
 66596 | WizLab   | Found a transporter.
 66633 | WizLab   | Found a transporter.
 66659 | WizLab   | Found the +1 cloak of Starlight {*Dazzle EV+4 Stlth--}
 66810 | WizLab   | Found a transporter.
 66811 | WizLab   | Found a transporter.
 66856 | WizLab   | Found a transporter.
 66902 | WizLab   | Found a transporter.
 66940 | WizLab   | Found a transporter.
 66956 | WizLab   | Found a transporter.
 67074 | WizLab   | Found a transporter.
 67174 | WizLab   | Found a transporter.
 67174 | WizLab   | Found a transporter.
 67287 | WizLab   | Found a transporter.
 67296 | WizLab   | Identified the -2 cloak of Feasting {rElec rF+ Will++
                  | Stlth-}
 67300 | WizLab   | Found a transporter.
 67306 | WizLab   | Identified the +1 cloak of Deasago {rN+}
 67449 | WizLab   | Found a transporter.
 70932 | Crypt:3  | Entered Level 3 of the Crypt
 71452 | Crypt:3  | Identified the +8 rapier "Qadweseo" {pain, rF+ rN++ rCorr
                  | Dex-2}
 71578 | Crypt:3  | Noticed Khufu
 71690 | Crypt:3  | Noticed a royal mummy
 71707 | Crypt:3  | Killed Khufu
 71728 | Crypt:3  | Killed a royal mummy
 71807 | Crypt:3  | Identified the ring "Gagoff" {rC+ rN++ rCorr Str-4 SInv}
 72186 | Crypt:3  | Noticed a dread lich
 72200 | Crypt:3  | Killed a dread lich
 72333 | Crypt:3  | Noticed Bai Suzhen
 72356 | Crypt:3  | Killed Bai Suzhen
 72443 | Crypt:3  | Found an ancient bone altar of Kikubaaqudgha.
 72473 | Crypt:3  | Found the +3 Elemental Staff {rElec rF++ rC++ AC+5}
 72480 | Crypt:3  | Identified the +0 hand axe of Crusades {freeze, rElec rF+
                  | Str+5 Int-2}
 72498 | Crypt:3  | Got the Incunabulum of Black Magic
 72601 | Crypt:3  | Found a staircase to the Tomb.
 73816 | Vaults:5 | Entered Level 5 of the Vaults
 73818 | Vaults:5 | Reached XP level 22. HP: 139/164 MP: 34/43
 74047 | Vaults:5 | Noticed Saint Roka
 74078 | Vaults:5 | Killed Saint Roka
 74118 | Vaults:5 | Reached skill level 15 in Conjurations
 74118 | Vaults:5 | Reached skill level 15 in Hexes
 74118 | Vaults:5 | Reached skill level 15 in Necromancy
 74118 | Vaults:5 | Reached skill level 15 in Translocations
 74118 | Vaults:5 | Reached skill level 15 in Transmutations
 74118 | Vaults:5 | Reached skill level 15 in Fire Magic
 74118 | Vaults:5 | Reached skill level 15 in Ice Magic
 74118 | Vaults:5 | Reached skill level 15 in Air Magic
 74118 | Vaults:5 | Reached skill level 15 in Earth Magic
 74118 | Vaults:5 | Reached skill level 15 in Poison Magic
 74149 | Vaults:5 | Noticed a dread lich
 74192 | Vaults:5 | Killed a dread lich
 74196 | Vaults:5 | Identified the ring "Gasoluy" {*Corrode rPois rC+++ Str+10
                  | Stlth-}
 74355 | Vaults:5 | Identified the ring "Fawar" {rPois rC+ Int+2 Dex-4}
 75180 | Vaults:5 | Got a silver rune of Zot
 75186 | Vaults:5 | Got the Guide on Dusty Ignition
 76357 | Depths:3 | Learned a level 7 spell: Orb of Destruction
 76734 | Depths:4 | Found a gate to the Realm of Zot.
 76780 | Depths:4 | Noticed Boris
 76799 | Depths:4 | Killed Boris
 77101 | Zot:1    | Entered Level 1 of the Realm of Zot
 77155 | Depths:4 | Reached XP level 23. HP: 100/173 MP: 21/45
 77878 | Zot:1    | Noticed an orb of fire
 78035 | Zot:1    | Killed an orb of fire
 79175 | Zot:2    | Identified the ring "Kunlucs" {*Slow rN+ rCorr Str+3
                  | Slay+5}
 80706 | Orc:2    | Bought a scroll of blinking for 105 gold pieces
 80706 | Orc:2    | Bought a scroll of magic mapping for 49 gold pieces
 83153 | Snake:1  | Killed raistware's ghost
 84447 | Depths:3 | Voluntarily entered the Abyss.
 84813 | Abyss:3  | Found a corrupted altar of Lugonu.
 84905 | Abyss:5  | Entered Level 5 of the Abyss
 84905 | Abyss:5  | Found a corrupted altar of Lugonu.
 84947 | Abyss:5  | Found a transporter.
 85100 | Abyss:5  | Found a transporter.
 85104 | Abyss:5  | Found a transporter.
 85106 | Abyss:5  | Got an abyssal rune of Zot
 85241 | Abyss:5  | Gained mutation: You are resistant to electric shocks.
                  | (rElec) [a neqoxec]
 85272 | Depths:3 | Escaped the Abyss
 85430 | Zig:1    | Entered Level 1 of a ziggurat
 85444 | Zig:2    | Entered Level 2 of a ziggurat
 85494 | Zig:3    | Entered Level 3 of a ziggurat
 85512 | Zig:3    | Identified the +1 chain mail of the Elephant {Rampage rC+}
 85533 | Zig:4    | Entered Level 4 of a ziggurat
 85640 | Zig:4    | Identified the +7 quarterstaff of the Egg {holy, Fly rF+
                  | Dex+3}
 85642 | Zig:4    | Identified the amulet of Eloekiowk {Reflect -Cast rElec
                  | rPois rN+++ Slay-4 SH+5}
 85653 | Zig:5    | Entered Level 5 of a ziggurat
 85740 | Zig:6    | Entered Level 6 of a ziggurat
 85840 | Zig:7    | Entered Level 7 of a ziggurat
 85894 | Zig:7    | Got Sif Muna's Incunabulum of Dislocation
 85897 | Zig:7    | Identified the +8 chain mail of Fuceskoa {rC+}
 85926 | Zig:8    | Entered Level 8 of a ziggurat
 85931 | Zig:8    | Noticed Sehul the pandemonium lord
 85951 | Zig:8    | Slain by Sehul the pandemonium lord

Illustrated notes

Levels and vault maps discovered:
D:1:      dpeg_arrival_pond, layout_loops_ring,
          shapermc_ecumenical_altar_flowoftime
D:2:      layout_loops_corners, st_stairs_12
D:3:      layout_basic, gammafunk_temple_overflow_elements,
          ebering_dispersal_statue_hall, kennysheep_generic_room_2, uniq_grinder
D:4:      layout_rooms, minmay_temple_entry_tees, nicolae_grassy_gnolls,
          uniq_crazy_yiuf_cottage, uniq_blork_the_orc, uniq_sigmund
D:5:      layout_loops_ring, hellmonk_bongcloud_opening, uniq_eustachio
D:6:      layout_rooms, pf_guarded_unrand_delatra, uniq_maggie
D:7:      layout_gridville, kennysheep_small_circle
D:8:      layout_basic, nicolae_overflow_squiral, st_stairs_12, uniq_joseph,
          uniq_erica
D:9:      layout_roguey [special_room_bee], grunt_ministairs_4,
          minmay_diced_spiral
D:10:     layout_roguey, mainiacjoe_overflow_boulevard, lemuel_crystal_altar,
          minmay_orc_entry_guard_dogs, uniq_erolcha, uniq_lodul
D:11:     layout_gridville, lair_entry_dummy, grunt_ministairs_13, led_sif_book
D:12:     layout_loops_ring, minmay_misc_feat_hallway
D:13:     layout_stronghold, portal_ice_cave_entry_ice_simulacra, minivault_8,
          uniq_maurice
D:14:     layout_irregular_city, lightli_vaults_fourway_checkpoint,
          serial_shops, nicolae_shop_advertising_works
          [nicolae_subvault_shop_adworks], hangedman_abyss_or_decor_stabs
D:15:     hangedman_depths_entry_try_elsewhere_first, layout_stronghold,
          dk_noncrumbling_3, minivault_13
Lair:1:   hellmonk_ruined_rings, layout_regular_city, st_stairs_7
Lair:2:   layout_regular_city, nicolae_volcano_entry_batcave, nzn_random_ring,
          uniq_gastronok, uniq_harold, uniq_sonja
Lair:3:   layout_roguey, gauntlet_entry_generic
Lair:4:   layout_misc_corridors, elwin_shoals_entry_rooms,
          minmay_snake_entry_six_corridors, lemuel_fruit_tree
Lair:5:   regret_index_combs_of_tragedy, layout_layer_cave, basic_altar,
          grunt_megastairs_5
Lair:6:   grunt_lair_end_beastmaster, layout_hall_layers, slime_dummy,
          special_room [special_room_mythical_zoo], serial_bayou_shore_a,
          infiniplex_staircase_pool, grunt_megastairs_3
Shoals:1: cheibrodos_shoals_gigantism, layout_shoals, nicolae_shop_gadgets
Shoals:2: layout_shoals, nicolae_shoals_lost_giant_pillars,
          nicolae_shoals_arrival_archipelago
Shoals:3: layout_shoals, nicolae_shoals_loop_pool, uniq_aizul
Shoals:4: shoals_end_simple, layout_shoals
Snake:1:  layout_layer_cave, ebering_ghost_gozag, minmay_shop_grove,
          grunt_megastairs_2, uniq_donald
Snake:2:  layout_layer_cave, serial_shops, nicolae_shop_window_shopping,
          eino_curves_04, nicolae_snake_biting_tails, uniq_mlioglotl,
          uniq_roxanne, uniq_louise
Snake:3:  layout_honeycomb, serial_shops, nicolae_shop_hallway_plus, uniq_kirke
Snake:4:  johnstein_snake_rune_scales, layout_onion, grunt_megastairs_1,
          minmay_shop_star
Slime:1:  layout_caves
Slime:2:  layout_caves, cheibrodos_slime_lost_civilization_4
Slime:3:  layout_caves
Slime:4:  layout_caves, nicolae_slime_welcoming_committee
Slime:5
Orc:1:    layout_caves
Orc:2:    st_orc_open, layout_caves, serial_shops, shop
Elf:1:    nicolae_elf_arrival_fired_up, layout_geoelf_diagonals,
          evilmike_minifort, minmay_elf_sorcery, uniq_agnes, uniq_azrael,
          uniq_zenata
Elf:2:    nicolae_elf_blades_crystal_corner, layout_loops_ring, serial_shops,
          shop_statue, st_stairs_7
Elf:3:    minmay_elf_hall_spiked, layout_gridlike, serial_shops,
          nicolae_shop_hallway_plus, roderic_lattice_octagonal_star
Vaults:1: nicolae_vaults_network_quincunx
          [nicolae_vaults_network_quincunx_subvault,
          nicolae_vaults_network_quincunx_subvault,
          nicolae_vaults_network_quincunx_subvault,
          nicolae_vaults_network_quincunx_subvault,
          nicolae_vaults_network_quincunx_subvault],
          nicolae_vaults_network_quinsquares
          [nicolae_vaults_network_quincunx_subvault,
          nicolae_vaults_network_quincunx_subvault,
          nicolae_vaults_network_quincunx_subvault,
          nicolae_vaults_network_quincunx_subvault], vaults_dpeg_hooks,
          grunt_vaults_hallway_short, v_misc_4, dpeg_vaults_monster_box,
          v_misc_28, hangedman_vaults_trim, vaults_room_pools, serial_ice_h,
          st_lattice, grunt_vaults_hallway_short, layout_vaults_big_room
Vaults:2: grunt_vaults_bifocal, minmay_crypt_entry_simple_statues,
          nicolae_vaults_ring_of_whatevers, ontoclasm_vaults_decontamination,
          ontoclasm_vaults_loading_screen, nicolae_vaults_alarming,
          vaults_room_stairs_pillars, layout_vaults_omnigrid, serial_shops,
          bzr_in_the_mist
Vaults:3: vaults_dpeg_cross, hangedman_vaults_variations,
          vaults_room_large_hall, v_misc_25, hangedman_vaults_stagger,
          ontoclasm_vaults_ring_small, ontoclasm_vaults_loading_screen,
          vaults_room_fours, nicolae_vaults_network_s, v_misc_23, v_misc_24,
          nicolae_vaults_yaktaur_gun_rack, v_misc_27, v_misc_19,
          layout_vaults_maze, uniq_nikola
Vaults:4: v_rooms_1, vaults_mumra_minichess, grunt_vaults_hallway_long,
          v_misc_4, vaults_mumra_hexcomb, nicolae_vaults_network_star,
          ontoclasm_vaults_tryst, vaults_standard_mumra_x,
          nicolae_vaults_little_squares_3, vaults_mumra_chevron_long,
          nicolae_vaults_meeting, layout_vaults_omnibox, serial_shops, shop,
          uniq_boris
Vaults:5: uniq_saint_roka
Crypt:1:  layout_gridlike, grunt_ministairs_15, st_stairs_10, uniq_xtahua
Crypt:2:  layout_basic, infiniplex_enter_wizlab_water, chequers_big_river,
          uniq_mennas
Crypt:3:  cryptofortress_bobbens, uniq_khufu, uniq_margery, uniq_bai_suzhen
Depths:1: layout_cave_pools, hell_entry, lemuel_crystal_altar, serial_bayou,
          serial_bayou_ford_a, serial_bayou_pond_d, serial_bayou_pond_d,
          serial_bayou_pond_e, serial_bayou_crossing, serial_bayou_pond_e,
          chequers_serial_rivers_micro_d, minislime_mu, uniq_asterion
Depths:2: kennysheep_treasure_stockpile, layout_honeycomb, hell_entry,
          chequers_serial_rivers_room_a, pan_entry, elyvilon_altar_5,
          infiniplex_staircase_x
Depths:3: spriggan_forest, hell_entry, abyss_entry
Depths:4: grunt_x_marks_the_spot, layout_cave_pools, hell_entry,
          hangedman_decor_growths
Zot:1:    layout_basic, st_small_dragon_hoard_5, bh_zot_ikea_curve,
          st_single_dragon_hoard_4
Zot:2:    layout_cellular_growth, st_stairs_3
Zot:3:    layout_misc_corridors
Zot:4:    layout_onion_interference
Zig:8

Skill      XL: |  1  2  3  4  5  6  7  8  9 10 11 12 13 14 15 16 17 18 19 20 21 22 23 |
---------------+----------------------------------------------------------------------+-----
Invocations    | 1 5 6 7 8 9 10 11 12 13 14 15 16 17 18 19 20 | 20.6
Fighting       | 3 6 7 8 9 10 11 12 13 14 15 16 17 18 19 | 19.2
Short Blades   | 1 2 5 6 7 8 9 10 11 12 13 14 15 16 17 18 19 | 19.1
Long Blades    | 1 2 5 6 7 8 9 10 11 12 13 14 15 16 17 18 19 | 19.1
Axes           | 1 2 5 6 7 8 9 10 11 12 13 14 15 16 17 18 19 | 19.1
Maces & Flails | 1 2 5 6 7 8 9 10 11 12 13 14 15 16 17 18 19 | 19.1
Polearms       | 1 2 5 6 7 8 9 10 11 12 13 14 15 16 17 18 20 | 20.2
Staves         | 1 2 5 6 7 8 9 10 11 12 13 14 15 16 17 18 19 | 19.1
Slings         | 1 2 5 6 7 8 9 10 11 12 13 14 15 16 17 18 19 | 19.1
Bows           | 1 2 5 6 7 8 9 10 11 12 13 14 15 16 17 18 19 | 19.1
Crossbows      | 1 2 5 6 7 8 9 10 11 12 13 14 15 16 17 18 19 | 19.1
Throwing       | 1 2 5 6 7 8 9 10 11 12 13 14 15 16 17 18 19 | 19.1
Dodging        | 3 6 7 8 9 10 11 12 13 14 15 16 17 18 19 | 19.2
Shields        | 1 2 5 6 7 8 9 10 11 12 13 14 15 16 17 18 19 | 19.1
Unarmed Combat | 1 2 5 6 7 8 9 10 11 12 13 14 15 16 17 18 19 | 19.1
Spellcasting   | 1 2 5 6 7 8 9 10 11 12 13 14 15 16 17 18 19 | 19.1
Conjurations   | 1 2 4 5 6 7 8 9 10 11 12 13 14 15 16 | 16.3
Hexes          | 1 2 4 5 6 7 8 9 10 11 12 13 14 15 16 | 16.3
Necromancy     | 1 2 4 5 6 7 8 9 10 11 12 13 14 15 16 | 16.3
Translocations | 1 2 4 5 6 7 8 9 10 11 12 13 14 15 16 | 16.3
Transmutations | 1 2 4 5 6 7 8 9 10 11 12 13 14 15 16 | 16.3
Fire Magic     | 1 2 4 5 6 7 8 9 10 11 12 13 14 15 16 | 16.3
Ice Magic      | 1 2 4 5 6 7 8 9 10 11 12 13 14 15 16 | 16.3
Air Magic      | 1 2 4 5 6 7 8 9 10 11 12 13 14 15 16 | 16.3
Earth Magic    | 1 2 4 5 6 7 8 9 10 11 12 13 14 15 16 | 16.3
Poison Magic   | 1 2 4 5 6 7 8 9 10 11 12 13 14 15 16 | 16.3
Stealth        | 3 5 6 7 8 9 10 11 12 13 14 15 16 17 18 19 | 19.2
Armour         | 5 7 8 9 10 11 12 13 14 15 16 17 18 19 | 19.5
Evocations     | 8 9 10 11 12 13 14 15 16 17 18 19 20 | 20.0

Action                   |  1- 3 |  4- 6 |  7- 9 | 10-12 | 13-15 | 16-18 | 19-21 | 22-24 || total
-------------------------+-------+-------+-------+-------+-------+-------+-------+-------++-------
Melee: Short sword       |    93 |   157 |       |       |       |       |       |       ||   250
       Bite              |    14 |    48 |   116 |   204 |   168 |   252 |   521 |   316 ||  1639
       Punch             |     2 |    18 |    14 |     1 |       |       |       |       ||    35
       Club              |     1 |       |       |       |       |       |       |       ||     1
       Dagger            |       |   358 |   964 |       |       |       |       |       ||  1322
       Demon trident     |       |       |       |  1285 |  1507 |  1784 |   167 |       ||  4743
       Lajatang          |       |       |       |   185 |       |       |       |       ||   185
       Trident           |       |       |       |    33 |       |       |       |       ||    33
       Demon blade       |       |       |       |       |       |       |  1685 |   175 ||  1860
       Sacred scourge    |       |       |       |       |       |       |   673 |       ||   673
       Morningstar       |       |       |       |       |       |       |   224 |       ||   224
       Staff             |       |       |       |       |       |       |    27 |  1369 ||  1396
       Demon whip        |       |       |       |       |       |       |       |    20 ||    20
Throw: Dart              |       |       |       |       |       |       |     1 |       ||     1
       Javelin           |       |       |       |       |       |       |     7 |       ||     7
 Cast: Iskenderun's Myst |       |       |       |       |       |    17 |    54 |    16 ||    87
       Lee's Rapid Decon |       |       |       |       |       |     3 |     9 |       ||    12
       Silence           |       |       |       |       |       |       |     5 |       ||     5
       Stone Arrow       |       |       |       |       |       |       |    62 |    41 ||   103
       Freezing Cloud    |       |       |       |       |       |       |    34 |       ||    34
       Iron Shot         |       |       |       |       |       |       |     2 |    11 ||    13
       Irradiate         |       |       |       |       |       |       |     4 |    22 ||    26
       Fireball          |       |       |       |       |       |       |     1 |       ||     1
       Dispel Undead     |       |       |       |       |       |       |    48 |    10 ||    58
Invok: Sacrifice Love    |     1 |       |       |       |       |       |       |       ||     1
       Sacrifice Experie |       |     2 |       |       |       |       |       |       ||     2
       Draw Out Power    |       |     1 |     2 |     2 |       |     5 |     3 |     1 ||    14
       Apocalypse        |       |     4 |    10 |    16 |    16 |    14 |    19 |    20 ||    99
       Sacrifice Purity  |       |       |     2 |       |       |       |       |       ||     2
       Sacrifice Drink   |       |       |     1 |       |       |       |       |       ||     1
       Power Leap        |       |       |     1 |       |       |       |       |       ||     1
Evoke: Wand              |     4 |     1 |     8 |     1 |     2 |     2 |    20 |     9 ||    47
       Lightning rod     |       |       |     5 |     5 |     4 |     6 |    15 |     5 ||    40
       Phial of floods   |       |       |       |     1 |       |     2 |     3 |     2 ||     8
       Condenser vane    |       |       |       |       |       |     3 |     8 |     8 ||    19
  Use: Scroll            |    10 |     6 |    12 |    12 |    14 |     9 |    20 |     8 ||    91
       Potion            |       |     2 |     2 |       |     5 |     3 |    12 |    27 ||    51
 Stab: Sleeping          |     9 |    25 |    22 |    20 |    36 |    52 |    18 |    10 ||   192
       Distracted        |       |     2 |    10 |    25 |    28 |    21 |    20 |    21 ||   127
       Paralysed         |       |     1 |     8 |    22 |    26 |    17 |    20 |    22 ||   116
       Invisible         |       |       |     5 |     8 |    17 |     5 |     8 |    33 ||    76
       Petrified         |       |       |       |     2 |       |       |       |       ||     2
Armor: Leather armour    |    13 |   257 |   283 |   531 |   278 |   198 |       |       ||  1560
       Ring mail         |    11 |       |       |       |       |       |       |       ||    11
       Acid dragon scale |       |       |       |       |       |     7 |   142 |   296 ||   445
       Plate armour      |       |       |       |       |       |     3 |       |       ||     3
       Chain mail        |       |       |       |       |       |       |   361 |       ||   361
       Fire dragon scale |       |       |       |       |       |       |   133 |       ||   133
       Skin              |       |       |       |       |       |       |       |    10 ||    10
Dodge: Dodged            |    36 |   376 |   470 |   918 |   779 |   610 |   708 |   793 ||  4690
Block: Buckler           |       |       |    69 |   375 |   411 |   532 |       |       ||  1387
       Reflection        |       |       |       |       |       |    50 |       |       ||    50
       Kite shield       |       |       |       |       |       |    29 |  1676 |  1112 ||  2817

Table legend: (Time is in decaauts)
 A = Elapsed time spent in this place.
 B = Non-inter-level travel time spent in this place.
 C = Inter-level travel time spent in this place.
 D = Time resting spent in this place.
 E = Time spent auto-exploring this place.
 F = Levels seen in this place.
 G = Mean time per level.
                   A        B        C        D        E       F      G
               +--------+--------+--------+--------+--------+-----+--------+
         Total |  83473 |  67890 |  15583 |  11785 |  35562 |  73 | 1143.5 |
       Dungeon |  16710 |  12439 |   4271 |    713 |   8525 |  15 | 1114.0 |
          Lair |   8591 |   5869 |   2722 |    123 |   4053 |   6 | 1431.8 |
        Shoals |   4272 |   3781 |    491 |    425 |   2121 |   4 | 1068.0 |
     Snake Pit |   6037 |   5054 |    983 |    333 |   3372 |   4 | 1509.2 |
    Slime Pits |   5373 |   4799 |    574 |   3221 |    204 |   5 | 1074.6 |
  Orcish Mines |   1284 |    809 |    475 |     28 |    472 |   2 |  642.0 |
   Elven Halls |   7032 |   5648 |   1384 |   2157 |   2005 |   3 | 2344.0 |
        Vaults |  11285 |   8891 |   2394 |   1171 |   5321 |   5 | 2257.0 |
         Crypt |   5512 |   5208 |    304 |    855 |   2569 |   3 | 1837.3 |
        Depths |   9496 |   7880 |   1616 |   1473 |   3851 |   4 | 2374.0 |
           Zot |   4087 |   3722 |    365 |    886 |   1808 |   4 | 1021.8 |
         Abyss |    734 |    734 |      0 |     45 |     86 |   5 |  146.8 |
      Ziggurat |    497 |    497 |      0 |    165 |     64 |   8 |   62.1 |
        Bazaar |    232 |    232 |      0 |      0 |    110 |   1 |  232.0 |
      Ice Cave |    295 |    295 |      0 |      8 |     76 |   1 |  295.0 |
       Volcano |    257 |    257 |      0 |     24 |    132 |   1 |  257.0 |
        Wizlab |   1100 |   1100 |      0 |    149 |    552 |   1 | 1100.0 |
      Gauntlet |    671 |    671 |      0 |      4 |    240 |   1 |  671.0 |
               +--------+--------+--------+--------+--------+-----+--------+

Top non-repeatable levels by time:
Depths:3: 3643 daAuts
   Elf:3: 3423 daAuts
Depths:2: 3039 daAuts
Vaults:2: 2777 daAuts
Vaults:4: 2517 daAuts
    D:15: 2352 daAuts
Vaults:1: 2339 daAuts
   Elf:1: 2337 daAuts
 Slime:5: 2254 daAuts
Vaults:3: 2214 daAuts
 Crypt:2: 2077 daAuts
 Crypt:1: 1832 daAuts
    D:14: 1813 daAuts
 Snake:4: 1759 daAuts
  Lair:5: 1756 daAuts
